 Dungeon Crawl Stone Soup version 0.20-a0-1124-g2e29d97 (webtiles) character file.

5 AlphabetPasta the Caller (level 1, 0/13 HPs)
             Began as a Vine Stalker Summoner on May 15, 2017.
             Slain by a jackal (1 damage)
             ... on level 1 of the Dungeon.
             The game lasted 00:01:15 (250 turns).

AlphabetPasta the Caller (Vine Stalker Summoner)     Turns: 250, Time: 00:01:16

Health: 0/13       AC: 20    Str: 10    XL:     1   Next: 80%
Magic:  0/4        EV:  2    Int: 15    God:
Gold:   22         SH:  0    Dex: 14    Spells: 3/4 levels left

rFire    . . .     SeeInvis .   (no weapon)
rCold    . . .     Gourm    .   (no shield)
rNeg     + + +     Faith    .   (armour currently unavailable)
rPois    +         Spirit   +   (helmet currently unavailable)
rElec    .         Reflect  .   (cloak currently unavailable)
rCorr    .         Harm     .   (gloves currently unavailable)
MR       .....     NoTele   +   (boots currently unavailable)
Stlth    ++........             (no amulet)
Regen    0.1/turn               (no ring)
MPRegen  0.1/turn               (no ring)

@: tree-form
A: magic shield, no potion heal 3, rot immunity
a: no special abilities


You were on level 1 of the Dungeon.
You were not hungry.
You were a tree.
You visited 1 branch of the dungeon, and saw 1 of its levels.

You collected 22 gold pieces.

Inventory:

Armour
 a - a +0 robe (melded)
Scrolls
 g - a scroll of enchant armour {unknown}
Books
 b - a book of Callings

   Spells                             Type                      Level
   a - Summon Small Mammal            Summoning                    1
   b - Call Imp                       Summoning                    2
   c - Call Canine Familiar           Summoning                    3
   d - Summon Guardian Golem          Hexes/Summoning              3
   e - Summon Lightning Spire         Summoning/Air                4
   f - Summon Ice Beast               Ice/Summoning                4
Comestibles
 c - a bread ration
 d - 3 chunks of flesh


   Skills:
 + Level 1.7 Dodging
 - Level 2.4 Stealth
 * Level 0.2 Unarmed Combat
 + Level 2.1 Spellcasting
 * Level 4.2 Summonings


You had 3 spell levels left.
You knew the following spells:

 Your Spells              Type           Power        Failure   Level  Hunger
a - Summon Small Mammal   Summ           ##..         3%          1    #......


Dungeon Overview and Level Annotations

Branches:
Dungeon (1/15)

Altars:


Innate Abilities, Weirdness & Mutations

((You have extremely sharp teeth.))
When hurt, damage is shared between your health and your magic reserves.
((Your bite disrupts and absorbs the magic of your enemies.))
Potions cannot restore your health.
You are immune to rotting.


Message History

The jackal bites you but does no damage.
You barely miss the jackal. Your bite misses the jackal.
The jackal bites you but does no damage.
You barely miss the jackal. You bite the jackal, but do no damage.
The jackal bites you. The jackal barely misses you.
You hit the jackal but do no damage. The jackal bites you.
You hit the jackal. Your bite misses the jackal.
The jackal is lightly wounded.
The jackal bites you.
* * * LOW HITPOINT WARNING * * *
You barely miss the jackal.
The jackal is lightly wounded.
The jackal barely misses you. The jackal closely misses you.
It was a potion of flight.
You feel very buoyant.
You fly up into the air.
The jackal closely misses you.
It was a potion of lignification.
You turn into a tree.
Your +0 robe melds into your body.
Your roots penetrate the ground.
The jackal bites you.
You die...

# #......... #..
.#.#.#.##.......######..
........................
.....J#.#.##...#...###.##..
.......#....##...........##.. ..
.........................##.. ...
..................###....##..
.... #................# #....##..
....##..=.....#.♣...#.# .....##..
..............#h##....##.....##..
...............r###...##.....# .
.........##............#####.# .
#.....†.......##..........# .# ##
s.............##...........
.....................#......
...(..............####....##
........###.......# ....#


You could see an ooze, a jackal and a rat.

Vanquished Creatures
  2 goblins (D:1)
  A jackal (D:1)
  A kobold (D:1)
  A rat (D:1)
5 creatures vanquished.

Notes
Turn   | Place    | Note
-------+----------+-------------------------------------------
     0 | D:1      | AlphabetPasta the Vine Stalker Summoner began the quest for the Orb.
     0 | D:1      | Reached XP level 1. HP: 9/9 MP: 4/4
   250 | D:1      | Slain by a jackal

Vault maps used:
D:1:      lemuel_arrival_room

Action                   || total
-------------------------++-------
Melee: Unarmed           ||    24
       Bite              ||     6
  Use: Potion            ||     2
Armor: Robe              ||     6
Dodge: Dodged            ||    13
